 Dungeon Crawl Stone Soup version 0.19-a0-835-gf140595 (webtiles) character file.

307394 Implojin the Executioner (level 19, 184/184 HPs)
             Began as a Minotaur Fighter on June 30, 2016.
             Was a High Priest of Okawaru.
             Quit the game on level 15 of the Dungeon.
             The game lasted 02:01:33 (12547 turns).

Implojin the Executioner (Minotaur Fighter)        Turns: 12547, Time: 02:01:34

Health: 184/184    AC: 38    Str: 20    XL:     19   Next: 93%
Magic:  21/21      EV: 10    Int:  5    God:    Okawaru [*****.]
Gold:   478        SH: 12    Dex: 16    Spells: 0 memorised, 18 levels left

rFire  + . .     SeeInvis +     a - +1 broad axe (chop)
rCold  . . .     Gourm    .     K - +2 crystal plate armour
rNeg   . . .     Faith    .     c - +0 shield
rPois  +         Spirit   +     (helmet unavailable)
rElec  .         Dismiss  .     O - +0 cloak of Courage {rPois rF+ Str-3}
rCorr  .         Reflect  .     o - +2 pair of gloves
SustAt .         Harm     .     n - +2 pair of boots
MR     +....     Rnd*Rage +     p - amulet of guardian spirit
Stlth  ..........               z - +5 ring of protection
                                k - ring of see invisible

@: somewhat resistant to hostile enchantments, extremely unstealthy
A: retaliatory headbutt, horns 3, rugged brown scales 1, berserk 1, clumsy 1,
low mp 1, regeneration 1, strong 1, subdued magic 1, MP-powered wands
a: Heroism, Finesse, Renounce Religion
}: 3/15 runes: decaying, silver, gossamer


You were on level 15 of the Dungeon.
You worshipped Okawaru.
Okawaru was extremely pleased with you.
You were hungry.

You visited 7 branches of the dungeon, and saw 40 of its levels.
You also visited: Ice Cave.

You collected 608 gold pieces.
You spent 130 gold pieces at shops.

Inventory:

Hand Weapons
 a - a +1 broad axe of chopping (weapon)
 A - a +2 broad axe of flaming
Missiles
 L - 2 throwing nets (quivered)
Armour
 c - a +0 shield (worn)
 g - a +0 troll leather armour
 l - a +0 swamp dragon armour
 n - a +2 pair of boots (worn)
 o - a +2 pair of gloves (worn)
 w - a fire dragon hide
 H - a +3 plate armour of poison resistance
 K - a +2 crystal plate armour (worn)
 M - the +2 pair of gloves "Fuwobug" {*Contam rElec Str-5 SInv}
   (You found it on level 11 of the Dungeon)

   It affects your strength (-5).
   It insulates you from electricity.
   It lets you see invisible.
   It causes magical contamination when unequipped.
 N - a +0 large shield of protection
 O - the +0 cloak of Courage (worn) {rPois rF+ Str-3}
   (Okawaru gifted it to you on level 5 of the Vaults)

   It affects your strength (-3).
   It protects you from fire.
   It protects you from poison.
 P - a shadow dragon hide
 Q - the +0 buckler of Pandemonium {rF- rN+ rCorr Int+7}
   (Okawaru gifted it to you on level 3 of the Swamp)

   It affects your intelligence (+7).
   It makes you vulnerable to fire.
   It protects you from negative energy.
   It protects you from acid and corrosion.
 S - the +1 cloak of the Beggar {Dex+4}
   (You found it on level 2 of the Lair of Beasts)

   It affects your dexterity (+4).
 W - a +1 hat
Jewellery
 h - an uncursed amulet of faith
 k - a ring of see invisible (left hand)
 p - an amulet of guardian spirit (around neck)
 x - an uncursed ring of ice
 y - the ring "Heanaco" {rN++ MP+9}
   (You found it on level 6 of the Lair of Beasts)

   [ring of magical power]

   It greatly protects you from negative energy.
   It affects your magic capacity (+9).
 z - a +5 ring of protection (right hand)
 D - an uncursed amulet of the gourmand {unknown}
 G - a +2 ring of strength
 I - a +2 ring of slaying
 J - an uncursed amulet of rage {unknown}
 T - an uncursed ring of protection from cold
 U - an uncursed ring of positive energy
 V - a +4 amulet of reflection {unknown}
 Y - an uncursed ring of flight
Wands
 m - a wand of teleportation (6/9)
 t - a wand of teleportation (2/9)
 E - a wand of digging (9/24)
Scrolls
 b - a scroll of fear
 e - 3 scrolls of fog
 i - 5 scrolls of random uselessness
 j - 2 scrolls of remove curse
 q - 7 scrolls of recharging
 s - a scroll of silence
 X - a scroll of teleportation
 Z - 2 scrolls of enchant armour
Potions
 B - a potion of curing
 F - 3 potions of flight
 R - a potion of haste
Comestibles
 d - 9 meat rations
 f - 3 bread rations
 v - 3 royal jellies


   Skills:
 * Level 17.8 Fighting
 - Level 26.8 Axes
 - Level 12.0 Armour
 - Level 17.1 Dodging
 - Level 10.0 Shields
 - Level 8.2 Invocations


You had 18 spell levels left.
You didn't know any spells.

Dungeon Overview and Level Annotations

Branches:
Dungeon (15/15)            Temple (1/1) D:4            Lair (6/6) D:10
  Swamp (4/4) Lair:4       Spider (4/4) Lair:2        Slime (5/5) Lair:6
    Orc (0/2) D:9          Vaults (5/5) D:14         Depths (0/5) D:15
  Crypt: Vaults:2-3

Altars:
Cheibriados
Fedhas
Gozag
Hepliaklqana
Kikubaaqudgha
Nemelex Xobeh
Okawaru
Trog
Yredelemnul
Zin
Jiyva

Shops:
D:7 [   D:14 %   D:15 (

Annotations:
D:6 Implojin's ghost, novice MiFi
D:13 exclusion: upstairs
Lair:3 exclusion: downstairs


Innate Abilities, Weirdness & Mutations

You reflexively headbutt those who attack you in melee.
You have a pair of large horns on your head.
You are partially covered in rugged brown scales. (AC +1, +3% HP)
You tend to lose your temper in combat.
You are clumsy. (Dex -2)
Your magical capacity is low. (-10% MP)
Your natural rate of healing is unusually fast.
Your muscles are strong. (Str +2)
Your spells are a little easier to cast, but a little less powerful.
You expend magic power (3 MP) to strengthen your wands.


Message History

15 arrows; an uncursed shortbow
Things that are here:
24 arrows; an uncursed shortbow
Things that are here:
24 arrows; an uncursed shortbow
Things that are here:
a shortbow; 23 arrows; an uncursed shortbow You see here an arrow.
You see here an arrow.
You see here an arrow.
You see here an arrow.
You see here a robe.
You see here 3 large rocks.
You see here a large rock.
Found a wand of flame.
There is a stone staircase leading down here.
You climb downwards.
There is a stone staircase leading up here.
Enter note: :fuck it
Enter note: :might as well go for 15 rune instead of ^Q
Okay, then.
Drop what? 52/52 slots (_ for help) (? for menu, Esc to quit)
You drop 6 potions of lignification.
You drop a wand of lightning {zapped: 3}.
As you read the scroll of identify, it crumbles to dust.
E - a wand of digging (9/24) Wear which item? (? for menu, Esc to quit)
You start removing your armour.
You continue taking off the +1 cloak of the Beggar {Dex+4}. x4
You finish taking off the +1 cloak of the Beggar {Dex+4}.
You start putting on your armour.
You continue putting on your ichor-stained cloak {god gift}. x5
You finish putting on the +0 cloak of Courage {rPois rF+ Str-3}.
Save game and exit?
Welcome back, Implojin the Minotaur Fighter.
Okawaru says: Bring me glory in combat!
Press ? for a list of commands and other information.
Enter note:
Enter note: :quitting this game because fuck it Are you sure you want to abandon this character and quit the game? (Confirm with "yes".)

#. ### #. ... #.. # ##
#.. .#
####..##########..+
...$..............#
..................######
.......@................
..............#######...
..............# #...
..............# #...
.....#####....#.... #...
..... #....#.....#...
#... #....#.....+...
#... #....#.....#...
#....+.....##..


There were no monsters in sight!

Vanquished Creatures
  Dissolution (Slime:3)
  the Royal Jelly (Slime:5)
  Mara (Vaults:4)
  Jorgrun (Swamp:4)
  4 tentacled monstrosities
  4 titans (Vaults:5)
  2 liches
  A quicksilver dragon (Vaults:5)
  10 acid blobs
  Kirke (Swamp:1)
  3 sphinxes
  A thorn hunter (Swamp:4)
  4 shadow dragons (Vaults:5)
  8 tengu reavers
  4 azure jellies
  12 vault wardens
  3 frost giants (Vaults:5)
  4 emperor scorpions (Spider:4)
  A fire giant (Vaults:5)
  Louise (Swamp:4)
  5 ghost moths
  A deep elf elementalist (Vaults:5)
  An iron dragon (Vaults:5)
  9 ironheart preservers
  7 stone giants
  An orc warlord (D:11)
  A war gargoyle (Vaults:5)
  2 entropy weavers (Spider:1)
  A very ugly thing (Swamp:4)
  2 deep elf demonologists (Vaults:5)
  Azrael (D:15)
  A spark wasp (Spider:4)
  2 deep elf annihilators (Vaults:5)
  2 ettins (Vaults:5)
  A crystal guardian (Vaults:4)
  3 death oozes (Slime:5)
  16 yaktaur captains
  3 deep elf high priests (Vaults:5)
  2 great orbs of eyes
  27 vault guards
  12 hydras
  A ghost crab (Swamp:4)
  A rakshasa (Vaults:1)
  A death knight (D:14)
  7 centaur warriors
  2 dancing weapons (Vaults:5)
  3 ogre magi
  6 alligators
  A deep troll shaman (Vaults:1)
  4 death yaks (Lair:2)
  3 deep troll earth magi
  A thrashing horror (Swamp:4)
  A deep elf knight (D:11)
  The ghost of Zellion the Slicer, a novice HESk of Hepliaklqana (D:11)
  2 fire crabs
  2 shadow wraiths (Vaults:5)
  5 swamp dragons
  2 unseen horrors (Vaults:1)
  2 spriggan druids (Swamp:4)
  8 ironbrand convokers
  3 large abominations
  14 deep trolls
  5 hill giants
  A deep elf archer (Vaults:5)
  2 wizards
  A harpy (Vaults:2)
  2 shambling mangroves (Swamp:1)
  2 orc knights (Vaults:3)
  A tengu zombie (Vaults:5)
  16 wolf spiders
  A wolf spider zombie (D:15)
  2 phantasmal warriors
  3 orb spiders (Spider:4)
  14 ugly things
  2 necromancers
  6 deep elf magi
  A cyclops (shapeshifter) (Vaults:5)
  3 griffons (Lair:5)
  3 cyclopes (D:14)
  2 shining eyes
  5 hornets
  A salamander (D:15)
  A manticore (D:15)
  8 vault sentinels
  An eye of devastation (Slime:5)
  An ice statue (IceCv)
  4 black mambas
  An eye of devastation (shapeshifter) (D:15)
  A yaktaur zombie (Vaults:5)
  8 spiny frogs
  2 orange demons (Swamp:4)
  A gargoyle (D:14)
  18 yaktaurs
  3 demonic crawlers
  3 komodo dragons
  An elf zombie (Vaults:5)
  11 rime drakes
  6 freezing wraiths
  An efreet (D:15)
  3 meliai (D:15)
  2 polar bears (Lair:6)
  6 jumping spiders
  2 jumping spiders (shapeshifter) (Vaults:5)
  2 trolls
  A meliai (shapeshifter) (Vaults:5)
  A boulder beetle (Vaults:3)
  A wind drake (shapeshifter) (Vaults:5)
  A two-headed ogre (shapeshifter) (Vaults:5)
  8 blink frogs
  8 bog bodies
  6 two-headed ogres (Vaults:5)
  A merfolk (shapeshifter) (Vaults:5)
  Prince Ribbit (D:7)
  4 giant leeches
  60 slime creatures
  A stone giant simulacrum (Vaults:5)
  3 spriggans (Swamp:4)
  24 redbacks
  A small abomination (Swamp:4)
  A fire giant simulacrum (Vaults:5)
  3 shadows
  17 tarantellas
  14 yaks
  Grum (D:11)
  4 wyverns
  4 basilisks
  The ghost of Implojin the Chopper, an amateur MiFi of Cheibriados (D:4)
  9 hippogriffs
  A hog (Swamp:1)
  A golden eye (shapeshifter) (Vaults:3)
  4 fire elementals (D:15)
  20 vampire mosquitoes
  3 mottled dragons
  6 swamp worms
  3 insubstantial wisps (Swamp:3)
  2 hell hounds (D:15)
  A soldier ant (D:13)
  5 water moccasins
  3 porcupines
  A swamp drake (Swamp:1)
  2 sky beasts
  14 ice beasts
  20 orc warriors
  7 wasps
  A black bear (D:9)
  An ettin simulacrum (Vaults:1)
  An eye of draining (Slime:3)
  2 phantoms
  12 ogres
  3 wolves (D:11)
  10 centaurs
  4 crocodiles
  A big kobold (D:10)
  11 giant frogs
  3 scorpions
  A wyvern skeleton (D:9)
  9 killer bees
  5 howler monkeys
  2 electric eels
  2 centaur zombies
  2 crimson imps
  A giant frog zombie (D:5)
  5 hounds
  A jelly (D:5)
  3 orc priests
  6 orc wizards
  A giant frog skeleton (D:5)
  4 iguanas
  9 worker ants
  17 sheep
  A worker ant zombie (D:10)
  4 gnolls (D:8)
  5 adders
  20 river rats
  A shadow imp (D:5)
  12 white imps (D:12)
  5 worms
  2 dart slugs (D:1)
  2 giant geckos (D:5)
  26 orcs
  5 giant cockroaches
  5 goblins
  5 hobgoblins
  10 jackals
  2 quokkas
  3 giant newts
  A jackal skeleton (D:4)
  9 kobolds
  A quokka skeleton (D:6)
  3 rats
  A fungus (Lair:6)
  7 plants
911 creatures vanquished.

Vanquished Creatures (others)
  A fire giant (Vaults:4)
  A vault guard (Vaults:5)
  A jumping spider (Spider:1)
  2 river rats (Lair:6)
  4 fungi (Lair:5)
  6 plants
15 creatures vanquished.

Grand Total: 926 creatures vanquished

Notes
Turn   | Place    | Note
--------------------------------------------------------------
     0 | D:1      | Implojin the Minotaur Fighter began the quest for the Orb.
     0 | D:1      | Reached XP level 1. HP: 19/19 MP: 0/0
    30 | D:1      | Reached skill level 3 in Axes
   106 | D:1      | Reached XP level 2. HP: 26/26 MP: 1/1
   292 | D:2      | Found a blossoming altar of Fedhas.
   313 | D:2      | Reached skill level 4 in Axes
   335 | D:3      | Reached XP level 3. HP: 29/31 MP: 2/2
   412 | D:2      | Found an opulent altar of Gozag.
   587 | D:5      | Entered Level 5 of the Dungeon
   600 | D:5      | Noticed an ogre
   607 | D:5      | Killed an ogre
   607 | D:5      | Reached skill level 6 in Axes
   607 | D:5      | Reached XP level 4. HP: 26/39 MP: 3/3
   607 | D:5      | Reached XP level 5. HP: 31/45 MP: 4/4
   720 | D:7      | Found Celixtoi's Antique Armour Emporium.
   721 | D:7      | Noticed Prince Ribbit
   730 | D:7      | Reached skill level 7 in Axes
   854 | D:6      | Reached skill level 8 in Axes
   854 | D:6      | Reached XP level 6. HP: 18/51 MP: 1/5
   894 | D:6      | Reached skill level 9 in Axes
   939 | D:5      | Reached XP level 7. HP: 16/57 MP: 6/6
  1009 | D:6      | Noticed Implojin's ghost (novice MiFi)
  1069 | D:6      | You fall through a shaft for 3 floors!
  1112 | D:9      | Reached skill level 10 in Axes
  1124 | D:10     | Entered Level 10 of the Dungeon
  1271 | D:9      | Reached skill level 11 in Axes
  1301 | D:9      | Reached XP level 8. HP: 62/64 MP: 5/7
  1344 | D:9      | Found a staircase to the Orcish Mines.
  1384 | D:9      | Reached skill level 12 in Axes
  1488 | D:8      | Reached skill level 4 in Fighting
  1531 | D:8      | Reached skill level 5 in Fighting
  1545 | D:8      | Reached skill level 6 in Fighting
  1626 | D:7      | HP: 2/71 [Prince Ribbit (7)]
  1629 | D:7      | Killed Prince Ribbit
  1629 | D:7      | Reached skill level 7 in Fighting
  1632 | D:7      | Reached XP level 9. HP: 4/80 MP: 1/8
  1651 | D:7      | Bought a pair of gloves for 130 gold pieces
  1697 | D:6      | Reached skill level 8 in Fighting
  1832 | D:5      | Found a basalt altar of Yredelemnul.
  2010 | D:4      | Identified a scroll of acquirement
  2058 | D:4      | Noticed Implojin's ghost (amateur MiFi)
  2070 | D:4      | Killed Implojin's ghost
  2070 | D:4      | Reached skill level 9 in Fighting
  2184 | D:4      | Found a staircase to the Ecumenical Temple.
  2194 | Temple   | Entered the Ecumenical Temple
  2208 | Temple   | Became a worshipper of Warmaster Okawaru
  2304 | D:7      | Reached skill level 10 in Fighting
  2473 | D:10     | Found a staircase to the Lair.
  2474 | D:10     | Noticed a komodo dragon
  2489 | D:10     | Killed a komodo dragon
  2506 | D:11     | Noticed a deep elf knight
  2507 | D:11     | Noticed a centaur warrior
  2535 | D:11     | Reached * piety under Okawaru
  2535 | D:11     | Reached skill level 11 in Fighting
  2552 | D:11     | Noticed a hill giant
  2568 | D:11     | Killed a hill giant
  2568 | D:11     | Reached skill level 12 in Fighting
  2622 | D:11     | Reached skill level 4 in Shields
  2629 | D:11     | Reached XP level 10. HP: 54/97 MP: 5/9
  2636 | D:11     | Killed a deep elf knight
  2636 | D:11     | Reached ** piety under Okawaru
  2636 | D:11     | Reached skill level 6 in Shields
  2648 | D:11     | Noticed a centaur warrior
  2664 | D:11     | Killed a centaur warrior
  2664 | D:11     | Reached skill level 8 in Shields
  2701 | D:11     | Killed a centaur warrior
  2701 | D:11     | Reached skill level 10 in Shields
  2703 | D:11     | Reached *** piety under Okawaru
  2703 | D:11     | Reached skill level 4 in Armour
  2753 | D:11     | Noticed Grum
  2761 | D:11     | Killed Grum
  2761 | D:11     | Reached skill level 5 in Armour
  2783 | D:11     | Noticed an orc warlord
  2783 | D:11     | Noticed a centaur warrior
  2795 | D:11     | Killed a centaur warrior
  2795 | D:11     | Reached skill level 6 in Armour
  2813 | D:11     | Killed an orc warlord
  2813 | D:11     | Reached **** piety under Okawaru
  2813 | D:11     | Reached skill level 8 in Armour
  2813 | D:11     | Reached XP level 11. HP: 33/104 MP: 2/10
  2834 | D:11     | Found an iron altar of Okawaru.
  2842 | D:11     | Got a pair of ichor-stained gloves
  2869 | D:11     | Got a shimmering chain mail
  2883 | D:11     | Identified the +2 pair of gloves "Fuwobug" {*Contam rElec Str-5 SInv} (You found it on level 11 of the Dungeon)
  2912 | D:11     | Gained mutation: You are clumsy. (Dex -2) [mutagenic glow]
  2949 | D:11     | Noticed a hill giant
  2962 | D:11     | Killed a hill giant
  2962 | D:11     | Reached skill level 9 in Armour
  2965 | D:11     | Noticed Zellion's ghost (novice HESk)
  2999 | D:11     | Killed Zellion's ghost
  2999 | D:11     | Reached skill level 10 in Armour
  3137 | D:12     | Found a frozen archway.
  3174 | IceCv    | Entered an ice cave
  3183 | IceCv    | Reached skill level 11 in Armour
  3198 | IceCv    | Reached ***** piety under Okawaru
  3510 | D:13     | Reached skill level 12 in Armour
  3613 | D:14     | Noticed a green ugly thing
  3613 | D:14     | Noticed a green ugly thing
  3614 | D:14     | Noticed a green ugly thing
  3614 | D:14     | Noticed a green ugly thing
  3616 | D:14     | Noticed a green ugly thing
  3616 | D:14     | Noticed a green ugly thing
  3624 | D:14     | Killed a purple ugly thing
  3632 | D:14     | Killed a red ugly thing
  3640 | D:14     | Killed a green ugly thing
  3640 | D:14     | Reached skill level 2 in Invocations
  3648 | D:14     | Killed a purple ugly thing
  3653 | D:14     | Killed a green ugly thing
  3653 | D:14     | Reached skill level 3 in Invocations
  3666 | D:14     | Killed a purple ugly thing
  3666 | D:14     | Reached skill level 4 in Invocations
  3675 | D:14     | Reached XP level 12. HP: 60/112 MP: 5/14
  3683 | D:14     | Reached skill level 5 in Invocations
  3707 | D:14     | Received a gift from Okawaru
  3709 | D:15     | Entered Level 15 of the Dungeon
  3709 | D:15     | Noticed Azrael
  3709 | D:15     | Noticed a centaur warrior
  3738 | D:14     | Reached skill level 6 in Invocations
  3805 | D:14     | Noticed a death knight
  3819 | D:14     | Killed a death knight
  3829 | D:14     | Reached skill level 7 in Invocations
  3871 | D:14     | Found Feluos's Food Shop.
  3893 | D:14     | Reached skill level 8 in Invocations
  3939 | D:14     | Reached skill level 13 in Axes
  3975 | D:14     | Noticed a centaur warrior
  3985 | D:14     | Killed a centaur warrior
  4020 | D:14     | Noticed a centaur warrior
  4021 | D:14     | Found a gate to the Vaults.
  4031 | D:14     | Reached skill level 14 in Axes
  4031 | D:14     | Killed a centaur warrior
  4260 | D:15     | Reached skill level 15 in Axes
  4269 | D:15     | Received a gift from Okawaru
  4312 | D:15     | Found Mearoni's Antique Weapon Boutique.
  4378 | D:15     | Reached XP level 13. HP: 73/118 MP: 16/18
  4428 | D:15     | Killed Azrael
  4440 | D:15     | Reached skill level 16 in Axes
  4469 | D:15     | Found a staircase to the Depths.
  4645 | Lair:1   | Entered Level 1 of the Lair of Beasts
  4671 | Lair:2   | Got a twisted cloak
  4703 | Lair:2   | Reached skill level 17 in Axes
  4813 | Lair:2   | Found a hole to the Spider Nest.
  4833 | Lair:2   | hmm
  4837 | Spider:1 | Entered Level 1 of the Spider Nest
  4842 | Spider:1 | Noticed an entropy weaver
  4851 | Spider:1 | Noticed an entropy weaver
  4861 | Spider:1 | Killed an entropy weaver
  4873 | Spider:1 | Killed an entropy weaver
  4873 | Spider:1 | Received a gift from Okawaru
  4873 | Spider:1 | Reached skill level 13 in Fighting
  4883 | Lair:2   | Identified the +1 cloak of the Beggar {Dex+4} (You found it on level 2 of the Lair of Beasts)
  5273 | Lair:4   | !swamp
  5305 | Lair:4   | Reached skill level 14 in Fighting
  5306 | Lair:4   | Found a staircase to the Swamp.
  5325 | Swamp:1  | Entered Level 1 of the Swamp
  5438 | Swamp:1  | Reached XP level 14. HP: 69/133 MP: 5/19
  5439 | Swamp:1  | Noticed Kirke
  5455 | Swamp:1  | Killed Kirke
  5455 | Swamp:1  | Reached skill level 15 in Fighting
  5520 | Swamp:2  | Received a gift from Okawaru
  5699 | Swamp:3  | Reached skill level 16 in Fighting
  5704 | Swamp:3  | Received a gift from Okawaru
  5734 | Swamp:3  | Got a distressingly furry buckler {god gift}
  5745 | Swamp:3  | Identified the +0 buckler of Pandemonium {rF- rN+ rCorr Int+7} (Okawaru gifted it to you on level 3 of the Swamp)
  5844 | Swamp:3  | :whereeeeeeeeee
  5896 | Swamp:4  | Entered Level 4 of the Swamp
  6044 | Swamp:4  | Noticed Louise
  6055 | Swamp:4  | Reached skill level 17 in Fighting
  6060 | Swamp:4  | Killed Louise
  6060 | Swamp:4  | Reached skill level 2 in Dodging
  6079 | Swamp:4  | Noticed Jorgrun
  6086 | Swamp:4  | Killed Jorgrun
  6086 | Swamp:4  | Reached skill level 4 in Dodging
  6096 | Swamp:4  | Reached skill level 5 in Dodging
  6108 | Swamp:4  | Reached skill level 6 in Dodging
  6177 | Swamp:4  | Noticed a thorn hunter
  6187 | Swamp:4  | Killed a thorn hunter
  6187 | Swamp:4  | Reached skill level 7 in Dodging
  6266 | Swamp:4  | Reached skill level 8 in Dodging
  6301 | Swamp:4  | Reached XP level 15. HP: 40/147 MP: 6/20
  6317 | Swamp:4  | Reached skill level 9 in Dodging
  6366 | Swamp:4  | Noticed a tentacled monstrosity
  6368 | Swamp:4  | Got an ichor-stained scale mail
  6379 | Swamp:4  | Killed a tentacled monstrosity
  6379 | Swamp:4  | Received a gift from Okawaru
  6379 | Swamp:4  | Reached skill level 10 in Dodging
  6387 | Swamp:4  | Got a decaying rune of Zot
  6704 | Spider:3 | Reached skill level 11 in Dodging
  6713 | Spider:3 | Killed a ghost moth
  6726 | Spider:4 | Entered Level 4 of the Spider Nest
  6800 | Spider:4 | Received a gift from Okawaru
  7005 | Spider:4 | Reached skill level 12 in Dodging
  7051 | Spider:4 | Noticed a ghost moth
  7057 | Spider:4 | Killed a ghost moth
  7057 | Spider:4 | Received a gift from Okawaru
  7066 | Spider:4 | Noticed a ghost moth
  7079 | Spider:4 | Killed a ghost moth
  7142 | Spider:4 | Reached skill level 13 in Dodging
  7167 | Spider:4 | Noticed a ghost moth
  7176 | Spider:4 | Noticed a ghost moth
  7188 | Spider:4 | Killed a ghost moth
  7197 | Spider:4 | Killed a ghost moth
  7217 | Spider:4 | Reached skill level 14 in Dodging
  7234 | Spider:4 | Reached ****** piety under Okawaru
  7244 | Spider:4 | Got a gossamer rune of Zot
  7364 | Lair:2   | pfffff
  7364 | Lair:2   | :slime i guess
  7490 | Lair:5   | Received a gift from Okawaru
  7522 | Lair:6   | Entered Level 6 of the Lair of Beasts
  7579 | Lair:6   | Reached XP level 16. HP: 155/155 MP: 18/21
  7660 | Lair:6   | Got a transparent lapis lazuli ring
  7662 | Lair:6   | Identified the ring "Heanaco" {rN++ MP+9} (You found it on level 6 of the Lair of Beasts)
  7706 | Lair:6   | Reached skill level 15 in Dodging
  7827 | Lair:6   | :where is it
  8117 | Lair:5   | sigh
  8117 | Lair:5   | :would have been faster to v than to find this
  8117 | Lair:5   | :probably
  8117 | Lair:5   | :already 800 turns looking
  8240 | Lair:6   | Found a bloodstained altar of Trog.
  8257 | Lair:6   | Found a viscous altar of Jiyva.
  8258 | Lair:6   | Found a staircase to the Slime Pits.
  8297 | Slime:1  | Entered Level 1 of the Pits of Slime
  8337 | Slime:2  | Gained mutation: Your magical capacity is low. (-10% MP) [a shining eye]
  8342 | Slime:2  | Gained mutation: Your natural rate of healing is unusually fast. [a shining eye]
  8345 | Slime:2  | Gained mutation: You tend to lose your temper in combat. [a shining eye]
  8346 | Slime:2  | Reached skill level 16 in Dodging
  8401 | Slime:3  | Noticed Dissolution
  8401 | Slime:3  | Noticed an acid blob
  8413 | Slime:3  | Killed an acid blob
  8413 | Slime:3  | Received a gift from Okawaru
  8415 | Slime:3  | Killed Dissolution
  8415 | Slime:3  | Reached skill level 17 in Dodging
  8429 | Slime:3  | Noticed an acid blob
  8434 | Slime:3  | Gained mutation: Your spells are a little easier to cast, but a little less powerful. [a shining eye]
  8610 | Slime:3  | Killed an acid blob
  8643 | Slime:5  | Entered Level 5 of the Pits of Slime
  8684 | Slime:5  | Noticed an acid blob
  8702 | Slime:5  | Killed an acid blob
  8702 | Slime:5  | Reached skill level 18 in Axes
  8719 | Slime:4  | Noticed an acid blob
  8857 | Slime:4  | Killed an acid blob
  8858 | Slime:4  | Noticed an acid blob
  8869 | Slime:4  | Killed an acid blob
  8869 | Slime:4  | Received a gift from Okawaru
  8920 | Slime:5  | Noticed the Royal Jelly
  8925 | Slime:5  | Noticed an acid blob
  8926 | Slime:5  | Noticed an acid blob
  8926 | Slime:5  | Noticed an acid blob
  8930 | Slime:5  | Killed an acid blob
  8933 | Slime:5  | Killed an acid blob
  8934 | Slime:5  | Killed the Royal Jelly
  8934 | Slime:5  | Reached skill level 19 in Axes
  8934 | Slime:5  | Reached XP level 17. HP: 70/161 MP: 6/19
  8934 | Slime:5  | Noticed an acid blob
  8934 | Slime:5  | Noticed an acid blob
  8934 | Slime:5  | Noticed an acid blob
  8934 | Slime:5  | Noticed an acid blob
  8934 | Slime:5  | Noticed an acid blob
  8938 | Slime:5  | Killed an acid blob
  8941 | Slime:5  | Noticed an acid blob
  8942 | Slime:5  | Killed an acid blob
  8943 | Slime:5  | welp
  8943 | Slime:5  | that
  8943 | Slime:5  | was
  8943 | Slime:5  | a waste of a run
  8943 | Slime:5  | :should have just done another branch ;_;
  8943 | Slime:5  | :oh well
  8967 | Slime:4  | Killed an acid blob
  9322 | Vaults:1 | Entered Level 1 of the Vaults
  9416 | Vaults:1 | Reached skill level 20 in Axes
  9523 | Vaults:1 | You fall through a shaft!
  9921 | Vaults:2 | Received a gift from Okawaru
  9927 | Vaults:2 | Got a pair of smoking boots {god gift}
  9962 | Vaults:2 | Identified the +1 pair of boots of Okawaru's Esteem {-Tele rN+ MR+ Dex+2} (Okawaru gifted it to you on level 2 of the Vaults)
 10281 | Vaults:3 | Reached skill level 21 in Axes
 10421 | Vaults:3 | Noticed a lich
 10436 | Vaults:3 | Killed a lich
 10469 | Vaults:3 | Identified the cursed +1 scale mail of Wuxt {Str+10 Int-4} (You found it on level 4 of the Swamp)
 10490 | Vaults:3 | Identified the +2 chain mail "Myqeomp Ufipp" {-Cast rC+ rN+ Str+3} (You found it on level 11 of the Dungeon)
 10632 | Vaults:4 | Noticed Mara
 10641 | Vaults:4 | Noticed Implojin's illusion
 10655 | Vaults:4 | Killed Mara
 10655 | Vaults:4 | Reached skill level 22 in Axes
 10718 | Vaults:4 | Gained mutation: You expend magic power (3 MP) to strengthen your wands. [potion of mutation]
 10718 | Vaults:4 | Gained mutation: Your muscles are strong. (Str +2) [potion of mutation]
 10718 | Vaults:4 | Gained mutation: You are partially covered in rugged brown scales. (AC +1, +3% HP) [potion of mutation]
 10742 | Vaults:4 | Reached XP level 18. HP: 108/174 MP: 13/20
 10769 | Vaults:4 | Received a gift from Okawaru
 10964 | Vaults:5 | Entered Level 5 of the Vaults
 11012 | Vaults:5 | Reached skill level 23 in Axes
 11018 | Vaults:5 | Received a gift from Okawaru
 11025 | Vaults:5 | Got a fine battleaxe {god gift}
 11065 | Vaults:5 | ha ha
 11151 | Vaults:5 | Received a gift from Okawaru
 11153 | Vaults:5 | Got an ichor-stained cloak {god gift}
 11176 | Vaults:5 | Reached skill level 24 in Axes
 11247 | Vaults:5 | Gained mutation: You have a pair of large horns on your head. [potion of beneficial mutation]
 11261 | Vaults:5 | :"benemut"
 11365 | Vaults:5 | Noticed a tentacled monstrosity
 11375 | Vaults:5 | Noticed a tentacled monstrosity
 11385 | Vaults:5 | Killed a tentacled monstrosity
 11392 | Vaults:5 | Noticed a lich
 11410 | Vaults:5 | Killed a tentacled monstrosity
 11410 | Vaults:5 | Reached XP level 19. HP: 64/182 MP: 1/21
 11414 | Vaults:5 | Reached skill level 25 in Axes
 11477 | Vaults:5 | HP: 3/182 [yaktaur captain (8)]
 11537 | Vaults:5 | Received a gift from Okawaru
 11600 | Vaults:5 | :irreparably huge turns wasted in slime anyway unless i go for 15 rune
 11600 | Vaults:5 | :hum
 11657 | Vaults:5 | Reached skill level 26 in Axes
 12123 | Vaults:5 | Received a gift from Okawaru
 12219 | Vaults:5 | Got a silver rune of Zot
 12220 | Vaults:5 | :would have been a nice run if i hadnt done slime with no dig
 12220 | Vaults:5 | :oh well
 12534 | D:15     | :fuck it
 12534 | D:15     | :might as well go for 15 rune instead of ^Q
 12547 | D:15     | Identified the +0 cloak of Courage {rPois rF+ Str-3} (Okawaru gifted it to you on level 5 of the Vaults)
 12547 | D:15     | :quitting this game because fuck it
 12547 | D:15     | Quit the game

Vault maps used:
D:1:      lightli_arrival_noodles, bh_walls_and_bars
D:2:      grunt_gozag_statues, fedhas_altar_1
D:3:      kennysheep_goblin_castle, first_bread, uniq_jessica
D:4:      minmay_goblin_kobold_castle
D:5:      basic_altar
D:7:      serial_shops, kennysheep_mini_moat, interstate_on_off,
          uniq_prince_ribbit1
D:8:      grunt_livestock
D:9:      david_orc_2
D:10:     david_lair_shrubbed, uniq_snorg
D:11:     evilmike_iron_armoury, roderic_lattice_a, uniq_grum
D:12:     portal_ice_cave_entry_imps, nicolae_wwwww, laboratory
D:14:     david_vaults_1, serial_shops, shop_fountains
D:15:     hangedman_depths_entry_try_elsewhere_first, serial_shops, shop,
          uniq_azrael
Temple:   regret_index_temple_sigil_plot
Lair:1:   lemuel_fruit_fields, uniq_gastronok
Lair:2:   nicolae_spider_entry_non_spiders, basic_altar
Lair:3:   grunt_forest_large_clearings, infiniplex_staircase_pool
Lair:4:   minmay_swamp_entry_worms, columned_hall_lemuel, minivault_11,
          infiniplex_staircase_pool_2
Lair:5:   beast_lair_carwin_9, grunt_megastairs_1
Lair:6:   hangedman_lair_caniforms_friends, slime_altar_1, basic_altar,
          lemuel_fruit_tree
Swamp:1:  nicolae_swamp_triple_paths, swamp_pool2, uniq_kirke
Swamp:2:  evilmike_swamp_ruin_house_1
Swamp:3:  serial_swamp_ruin, evilmike_swamp_ruin_wall, hangedman_swamp_ruin_wall
Swamp:4:  swamp_vile, swamp_pool1, uniq_louise, uniq_jorgrun
Spider:1: nicolae_looking_at_the_future
Spider:2: uniq_aizul
Spider:4: spider_rune_water
Slime:3:  dissolution_awaits
Vaults:1: nicolae_vaults_yaktaur_gun_rack, nicolae_vaults_arrows,
          vaults_room_corners, hangedman_vaults_stagger, v_rooms_5, v_rooms_1,
          grunt_vaults_hallway_long
Vaults:2: st_eye, v_misc_14, nicolae_vaults_network_s, ontoclasm_vaults_twist,
          v_alt_pattern_2, ontoclasm_vaults_eye,
          nicolae_vaults_little_squares_6, v_alt_pattern_6,
          hangedman_vaults_maws, vaults_mumra_hexcomb, ontoclasm_vaults_gateway
Vaults:3: nicolae_vaults_twisting_passages, vaults_dpeg_spiral,
          vaults_mumra_chevron_long, minmay_crypt_entry_nasty_monster,
          v_misc_16, nicolae_vaults_network_quinsquares, dpeg_vaults_waves,
          nicolae_vaults_border_crossing
Vaults:4: grunt_vaults_focal, nicolae_vaults_inception_network,
          ontoclasm_vaults_loading_screen, ontoclasm_vaults_ring_small,
          v_misc_4, ontoclasm_vaults_ring_large, vaults_room_corners, v_misc_3,
          nicolae_vaults_hallways_thing, grunt_vaults_twisty, v_rooms_2,
          vaults_mumra_hex, ontoclasm_vaults_ligature, uniq_sojobo, uniq_mara
Vaults:5: serial_shops
IceCv:    ice_cave_small_dragons

Skill      XL: |  1  2  3  4  5  6  7  8  9 10 11 12 13 14 15 16 17 18 19 |
---------------+----------------------------------------------------------+-----
Axes           | 3 4 6 8 9 11 12 15 17 19 22 24 26 | 26.8
Fighting       | 7 12 14 17 | 17.8
Shields        | 4 10 | 10.0
Armour         | 8 12 | 12.0
Invocations    | 4 8 |  8.2
Dodging        | 8 14 17 | 17.1

Action                   |  1- 3 |  4- 6 |  7- 9 | 10-12 | 13-15 | 16-18 | 19-21 || total
-------------------------+-------+-------+-------+-------+-------+-------+-------++-------
Melee: War axe           |    84 |    70 |   306 |    66 |       |       |       ||   526
       Headbutt          |    18 |    11 |    44 |    93 |   218 |   298 |   130 ||   812
       Broad axe         |       |       |       |   329 |   768 |   791 |   341 ||  2229
       Scimitar          |       |       |       |       |    23 |       |       ||    23
Throw: Throwing net      |       |       |       |     1 |       |       |       ||     1
       Javelin           |       |       |       |       |     2 |       |       ||     2
Invok: Heroism           |       |       |     2 |    27 |    37 |    33 |    14 ||   113
       Finesse           |       |       |       |     4 |    14 |    13 |     9 ||    40
Evoke: Wand              |       |       |     1 |       |     5 |     2 |       ||     8
       Lamp of fire      |       |       |       |       |     1 |       |       ||     1
  Use: Scroll            |     4 |     1 |    14 |     6 |    14 |     8 |     4 ||    51
       Potion            |     1 |     1 |     5 |     1 |    12 |     8 |    10 ||    38
 Stab: Invisible         |       |       |    13 |       |       |       |       ||    13
       Distracted        |       |       |       |       |     1 |       |     3 ||     4
       Sleeping          |       |       |       |       |       |     1 |       ||     1
  Eat: Chunk             |       |       |     6 |     2 |     2 |     5 |     3 ||    18
       Bread ration      |       |       |       |     1 |     2 |     3 |       ||     6
       Beef jerky        |       |       |       |       |     1 |       |       ||     1
Armor: Scale mail        |    35 |    20 |    81 |    11 |       |       |       ||   147
       Skin              |       |       |    41 |       |       |       |       ||    41
       Crystal plate arm |       |       |       |   201 |   153 |   343 |   102 ||   799
       Swamp dragon armo |       |       |       |       |   218 |    34 |       ||   252
Dodge: Dodged            |    22 |    20 |    64 |    57 |   423 |   468 |   110 ||  1164
Block: Shield            |    33 |    26 |   159 |   229 |   540 |   408 |   168 ||  1563
       Buckler           |       |       |       |       |       |    49 |       ||    49

Table legend:
 A = Turns spent in this place as a percentage of turns spent in the entire game.
 B = Non-inter-level travel turns spent in this place as a percentage of non-inter-level travel turns spent in the entire game.
 C = Inter-level travel turns spent in this place as a percentage of turns spent in this place.
 D = Turns resting spent in this place as a percentage of non-inter-level travel turns spent in this place.
 E = Turns spent auto-exploring this place as a percentage of non-inter-level travel turns spent in this place.
 F = Non-inter-level travel turns spent in this place divided by the number of levels of this place that you've seen.
                   A       B       C       D       E      F
               +-------+-------+-------+-------+-------+----------------------
         Total | 100.0 | 100.0 |   0.0 |   0.3 |   0.0 | 306.8
       Dungeon |  37.3 |  37.3 |   0.0 |   0.1 |   0.0 | 312.7
        Temple |   0.2 |   0.2 |   0.0 |   0.0 |   0.0 |  29.0
          Lair |  14.8 |  14.8 |   0.0 |   0.0 |   0.0 | 311.2
         Swamp |  10.8 |  10.8 |   0.0 |   0.0 |   0.0 | 341.0
   Spider Nest |   5.7 |   5.7 |   0.0 |   0.3 |   0.0 | 179.2
    Slime Pits |   4.2 |   4.2 |   0.0 |   3.9 |   0.0 | 106.4
        Vaults |  26.0 |  26.0 |   0.0 |   0.4 |   0.0 | 654.2
      Ice Cave |   0.8 |   0.8 |   0.0 |   0.0 |   0.0 | 106.0
               +-------+-------+-------+-------+-------+----------------------

Table legend:
 A = Kills in this place as a percentage of kills in entire the game.
 B = Kills by you in this place as a percentage of kills by you in the entire game.
 C = Kills by friends in this place as a percentage of kills by friends in the entire game.
 D = Other kills in this place as a percentage of other kills in the entire game.
 E = Experience gained in this place as a percentage of experience gained in the entire game.
 F = Experience gained in this place divided by the number of levels of this place that you have seen.
                   A       B       C       D       E      F
               +-------+-------+-------+-------+-------+----------------------
         Total | 100.0 | 100.0 |  -nan | 100.0 | 100.0 | 11426.5
       Dungeon |  29.3 |  29.4 |  -nan |   0.0 |   9.3 | 2903.9
          Lair |  15.3 |  15.2 |  -nan |  33.3 |   6.0 | 4656.7
         Swamp |  10.6 |  10.6 |  -nan |   0.0 |  11.0 | 12899.2
   Spider Nest |   8.9 |   8.9 |  -nan |   0.0 |   8.7 | 10246.0
    Slime Pits |   6.8 |   6.8 |  -nan |   0.0 |  13.2 | 12335.6
        Vaults |  27.7 |  27.6 |  -nan |  66.7 |  51.3 | 48099.0
      Ice Cave |   1.4 |   1.5 |  -nan |   0.0 |   0.5 | 2234.0
               +-------+-------+-------+-------+-------+----------------------
